 Dungeon Crawl Stone Soup version 0.21.1-1-g345015fe64 (webtiles) character file.

6467 Htamos the Grappler (level 10, -8/102 HPs)
             Began as a Troll Monk on July 17, 2018.
             Mangled by a blink frog (11 damage)
             ... on level 1 of the Lair of Beasts.
             The game lasted 00:26:12 (9273 turns).

Htamos the Grappler (Troll Monk)                    Turns: 9273, Time: 00:26:13

Health: -8/102     AC:  7    Str: 21    XL:     10   Next: 68%
Magic:  9/9        EV: 14    Int: 12    God:
Gold:   510        SH:  0    Dex: 15    Spells: 9/9 levels left

rFire    + . .     SeeInvis .   w - +10 scythe of Zeholuem {drain, rF+ Int+6}
rCold    . . .     Gourm    +   (shield currently unavailable)
rNeg     . . .     Faith    +   r - +2 animal skin
rPois    .         Spirit   .   (helmet restricted)
rElec    .         Reflect  .   (no cloak)
rCorr    .         Harm     .   (gloves unavailable)
MR       .....                  (boots unavailable)
Stlth    ++........             z - amulet of faith
HPRegen  0.67/turn              (no ring)
MPRegen  0.11/turn              (no ring)

@: very slightly contaminated, invisible
A: large, unfitting armour, claws 3, fast metabolism 3, gourmand, regeneration
1, shaggy fur 1, tough skin 2
a: no special abilities


You were on level 1 of the Lair of Beasts.
You were not hungry.

You visited 3 branches of the dungeon, and saw 11 of its levels.
You also visited: Sewer and Ossuary.

You collected 510 gold pieces.

Inventory:

Hand Weapons
 c - a +0 spear of venom
 e - a +2 dagger of freezing
 l - a +2 war axe of freezing
 n - a +0 scimitar of flaming
 o - a +3 hunting sling of velocity
 u - a cursed -2 hunting sling
 w - the +10 scythe of Zeholuem (weapon) {drain, rF+ Int+6}
   (You found it on level 4 of the Dungeon)

   A truly terrible weapon, it drains the life of those it strikes.
   It affects your intelligence (+6).
   It protects you from fire.
 M - a +0 giant club
Missiles
 p - 190 stones (quivered)
 C - 61 sling bullets
Armour
 a - a +0 robe
 r - a +2 animal skin (worn)
 O - a +0 buckler
Jewellery
 s - a cursed ring of loudness
 z - an amulet of faith (around neck)
Wands
 v - a wand of digging (18)
 y - a wand of paralysis (13)
Scrolls
 d - 3 scrolls of fog
 h - 2 scrolls of noise
 i - 4 scrolls of amnesia
 x - 8 scrolls of teleportation
 G - 3 scrolls of enchant weapon
 H - 6 scrolls of remove curse
 I - 2 scrolls of fear
Potions
 f - a potion of degeneration
 g - 2 potions of ambrosia
 k - 5 potions of flight
 q - 5 potions of curing
 A - 3 potions of cancellation
 B - 3 potions of resistance
 D - a potion of haste
 F - 2 potions of heal wounds
 J - a potion of might {unknown}
 K - a potion of mutation
 L - a potion of magic
Books
 t - a book of Callings

   Spells                             Type                      Level
   a - Summon Small Mammal            Summoning                    1
   b - Call Imp                       Summoning                    2
   c - Call Canine Familiar           Summoning                    3
   d - Summon Guardian Golem          Hexes/Summoning              3
   e - Summon Lightning Spire         Summoning/Air                4
   f - Summon Ice Beast               Ice/Summoning                4
 N - a book of Changes

   Spells                             Type                      Level
   a - Beastly Appendage              Transmutation                1
   b - Sticks to Snakes               Transmutation                2
   c - Spider Form                    Transmutation/Poison         3
   d - Ice Form                       Ice/Transmutation            4
   e - Blade Hands                    Transmutation                5
 Q - a book of Misfortune

   Spells                             Type                      Level
   a - Confusing Touch                Hexes                        1
   b - Confuse                        Hexes                        3
   c - Gell's Gravitas                Translocation                3
   d - Petrify                        Transmutation/Earth          4
   e - Metabolic Englaciation         Hexes/Ice                    5
   f - Yara's Violent Unravelling     Hexes/Transmutation          5
Comestibles
 b - 14 rations


   Skills:
 + Level 7.4 Fighting
 + Level 7.4 Dodging
 - Level 1.1 Stealth
 * Level 11.5 Unarmed Combat


You had 9 spell levels left.
You didn't know any spells.

Dungeon Overview and Level Annotations

Branches:
Dungeon (8/15)             Temple (1/1) D:4            Lair (2/6) D:8
  Swamp: Lair:2-4    Shoals: Lair:2-4     Snake: Lair:2-4    Spider: Lair:2-4

Altars:
Ashenzari
Cheibriados
Dithmenos
Elyvilon
Fedhas
Gozag
Hepliaklqana
Kikubaaqudgha
Makhleb
Nemelex Xobeh
Okawaru
Qazlal
Ru
Sif Muna
Trog
Uskayaw
Vehumet
Wu Jian
Xom
Yredelemnul
Zin
The Shining One

Shops:
D:7 =

Annotations:
D:4 Sigmund


Innate Abilities, Weirdness & Mutations

You are too large for most types of armour.
You have claws for hands.
Your metabolism is lightning-fast.
You like to eat raw meat.
Your natural rate of healing is unusually fast.
You are covered in fur. (AC +1)
You have very tough skin. (AC +2)


Message History

The blink frog misses you. The blink frog barely misses you.
The basilisk gazes at you. You resist with some effort.
The blink frog hits you!
* * * LOW HITPOINT WARNING * * *
The basilisk barely misses you.
You feel much better. The blink frog closely misses you.
The basilisk bites you but does no damage.
You slice the basilisk!!
You kill the basilisk!
The blink frog closely misses you. The blink frog hits you!
* * * LOW HITPOINT WARNING * * *
The blink frog hits you!
* * * LOW HITPOINT WARNING * * *
You catch the helpless blink frog completely off-guard!
You slice the blink frog!!
The blink frog is severely wounded.
The blink frog hits you!
* * * LOW HITPOINT WARNING * * *
The blink frog hits you!
You die...

#.......... . #.......... ..
#.......... .##..........
............ . .#....
#.......... .
[.....##.......... .
......#..@F...... .
#...##............. .
#...##.....##...#.. . #
#...#......##.....# #
#.##.#........##...#.# ##
..#....#.........#.....##. ..
#.....#........#......#..##.#
#.............#P.........#..
............P..........##.....


You could see a blink frog.

Vanquished Creatures
  Erica (Lair:1)
  The ghost of SlightEye the Fighter, a novice DsFi of Okawaru (D:8)
  A komodo dragon (Lair:2)
  A blink frog (Lair:2)
  A basilisk (Lair:1)
  3 water moccasins
  A sky beast (D:7)
  3 porcupines
  2 orc warriors
  2 black bears
  4 ogres
  A centaur (D:5)
  3 crocodiles
  8 bullfrogs
  13 scorpions
  3 howler monkeys (D:5)
  4 crimson imps
  5 hounds
  3 jellies
  3 centaur zombies
  4 human zombies (Ossuary)
  2 orc priests (D:5)
  2 bullfrog skeletons
  Ijyb (D:3)
  6 orc wizards
  A merfolk siren (Sewer)
  6 worker ants
  A merfolk avatar (Sewer)
  3 big kobold zombies (Ossuary)
  2 hound zombies
  2 mummies (Ossuary)
  Robin (D:3)
  A worker ant zombie (D:8)
  8 gnolls
  3 scorpion zombies (Ossuary)
  11 adders
  A howler monkey skeleton (D:8)
  4 river rats (Sewer)
  2 oozes
  2 adder zombies
  An adder skeleton (D:4)
  2 worms
  2 dart slugs
  13 leopard geckos
  24 orcs
  4 ball pythons
  11 giant cockroaches
  3 gnoll zombies (Ossuary)
  23 goblins
  11 hobgoblins
  20 jackals
  2 quokkas
  13 bats
  11 frilled lizards
  2 hobgoblin zombies (Ossuary)
  A jackal skeleton (D:3)
  13 kobolds
  A kobold zombie (Ossuary)
  2 orc zombies (Ossuary)
  25 rats
310 creatures vanquished.

Vanquished Creatures (others)
  A minotaur (D:1)
  A draconian (D:1)
  An octopode (D:1)
  2 gargoyles (D:1)
  2 elves (D:1)
  A troll (D:1)
  A mummy (Ossuary)
  An orc (D:1)
  3 kobolds (D:1)
  A kobold zombie (Ossuary)
  An orc zombie (Ossuary)
  7 fungi (D:8)
  5 tentacles (D:1)
27 creatures vanquished.

Grand Total: 337 creatures vanquished

Notes
Turn   | Place    | Note
-------+----------+-------------------------------------------
     0 | D:1      | Htamos the Troll Monk began the quest for the Orb.
     0 | D:1      | Reached XP level 1. HP: 22/22 MP: 0/0
     0 | D:1      | Noticed an elf
     0 | D:1      | Noticed a troll
     0 | D:1      | Noticed an octopode
     0 | D:1      | Noticed a gargoyle
     0 | D:1      | Noticed a kraken
     0 | D:1      | Noticed a gargoyle
     0 | D:1      | Noticed a draconian
     0 | D:1      | Noticed an elf
     0 | D:1      | Noticed a minotaur
     3 | D:1      | Killed an elf
     3 | D:1      | Killed an elf
     5 | D:1      | Killed a troll
     6 | D:1      | Killed a gargoyle
     6 | D:1      | Killed an octopode
     8 | D:1      | Killed a gargoyle
    11 | D:1      | Killed a draconian
    12 | D:1      | Killed a minotaur
   108 | D:1      | Reached XP level 2. HP: 29/29 MP: 1/1
   733 | D:1      | Reached XP level 3. HP: 36/36 MP: 2/2
  1413 | D:2      | Found a hazy altar of Hepliaklqana.
  1453 | D:2      | Reached XP level 4. HP: 45/45 MP: 3/3
  1551 | D:3      | Noticed Robin
  1675 | D:3      | Found an opulent altar of Gozag.
  1888 | D:3      | Killed Robin
  1888 | D:3      | Reached skill level 4 in Unarmed Combat
  1926 | D:3      | Found a burning altar of Makhleb.
  2141 | D:2      | Reached XP level 5. HP: 11/53 MP: 4/4
  2592 | D:3      | Noticed Ijyb
  2627 | D:3      | Killed Ijyb
  3101 | D:4      | Reached XP level 6. HP: 60/62 MP: 5/5
  3134 | D:4      | Found a blossoming altar of Fedhas.
  3136 | D:4      | Found an ancient bone altar of Kikubaaqudgha.
  3274 | D:4      | Found a hide-covered altar of Uskayaw.
  3276 | D:4      | Noticed a dagger
  3283 | D:4      | Noticed a hand axe
  3332 | D:4      | Reached skill level 5 in Unarmed Combat
  3364 | D:4      | Noticed Sigmund
  3503 | D:4      | Got a twisted scythe
  3518 | D:4      | Identified the +10 scythe of Zeholuem {drain, rF+ Int+6} (You found it on level 4 of the Dungeon)
  3648 | D:4      | Found a sand-covered staircase.
  3655 | Ossuary  | Entered an ossuary
  3696 | Ossuary  | Reached XP level 7. HP: 58/70 MP: 6/6
  3737 | Ossuary  | Reached skill level 6 in Unarmed Combat
  4033 | Ossuary  | Reached XP level 8. HP: 79/79 MP: 7/7
  4051 | Ossuary  | Reached skill level 7 in Unarmed Combat
  4222 | D:4      | Found a staircase to the Ecumenical Temple.
  4279 | Temple   | Entered the Ecumenical Temple
  4522 | D:5      | Entered Level 5 of the Dungeon
  4549 | D:5      | Found a white marble altar of Elyvilon.
  4636 | D:5      | Reached skill level 5 in Fighting
  4636 | D:5      | Reached skill level 5 in Dodging
  4843 | D:5      | Found a glowing drain.
  4864 | Sewer    | Entered a sewer
  5219 | D:5      | Reached skill level 8 in Unarmed Combat
  5373 | D:5      | Found a shadowy altar of Dithmenos.
  5567 | D:5      | Reached XP level 9. HP: 77/88 MP: 8/8
  5648 | D:5      | Found a snail-covered altar of Cheibriados.
  5879 | D:6      | Found a shimmering altar of Xom.
  6118 | D:6      | Found an iron altar of Okawaru.
  6244 | D:6      | Found a radiant altar of Vehumet.
  6319 | D:6      | Reached skill level 9 in Unarmed Combat
  7174 | D:7      | Found Pedghefu's Jewellery Shop.
  7533 | D:8      | Found a sacrificial altar of Ru.
  7677 | D:8      | Noticed SlightEye's ghost (novice DsFi)
  7905 | D:8      | Reached skill level 10 in Unarmed Combat
  8256 | D:8      | Killed SlightEye's ghost
  8256 | D:8      | Reached XP level 10. HP: 91/100 MP: 9/9
  8291 | D:8      | Found a staircase to the Lair.
  8639 | Lair:1   | Entered Level 1 of the Lair of Beasts
  8642 | Lair:1   | Noticed Erica
  8674 | Lair:1   | Killed Erica
  8674 | Lair:1   | Reached skill level 11 in Unarmed Combat
  9260 | Lair:2   | HP: 4/102 [basilisk (3)]
  9260 | Lair:2   | HP: 1/102 [blink frog (3)]
  9273 | Lair:1   | HP: 3/102 [blink frog (13)]
  9273 | Lair:1   | Mangled by a blink frog

Skill      XL: |  1  2  3  4  5  6  7  8  9 10 |
---------------+-------------------------------+-----
Fighting       | 3 4 5 6 7 |  7.4
Dodging        | 3 4 5 6 7 |  7.4
Unarmed Combat | 4 5 6 8 10 11 | 11.5
Stealth        | |  1.1

Action                   |  1- 3 |  4- 6 |  7- 9 | 10-12 || total
-------------------------+-------+-------+-------+-------++-------
Melee: Unarmed           |   115 |   213 |       |       ||   328
       Punch             |     1 |     5 |       |       ||     6
       Spear             |       |     8 |       |       ||     8
       Scythe            |       |    17 |   385 |    83 ||   485
Evoke: Wand              |       |     1 |       |       ||     1
  Use: Potion            |       |     2 |     6 |    11 ||    19
       Scroll            |       |    12 |    12 |     1 ||    25
 Stab: Sleeping          |     1 |     5 |    10 |     2 ||    18
       Distracted        |       |       |     1 |       ||     1
       Invisible         |       |       |       |     1 ||     1
  Eat: Chunk             |    19 |    19 |    48 |     6 ||    92
Armor: Robe              |    45 |    19 |       |       ||    64
       Animal skin       |       |    64 |   169 |    32 ||   265
       Skin              |       |       |       |    10 ||    10
Dodge: Dodged            |    81 |   181 |   323 |    81 ||   666
